 Dungeon Crawl Stone Soup version 0.31-a0-845-g9abc20d24f (webtiles) character file.

Game seed: 16476145268601276557

25 randomguy2701 the Gusty (level 3, 0/28 HPs)
             Began as a Gnoll Wanderer on Oct 2, 2023.
             Slain by Robin
             ... wielding a +0 whip
              (5 damage)
             ... on level 2 of the Dungeon.
             The game lasted 00:00:57 (1124 turns).

randomguy2701 the Gusty (Gnoll Wanderer)            Turns: 1124, Time: 00:00:58

Health: 0/28       AC:  2    Str:  8    XL:     3   Next: 4%
Magic:  1/7        EV: 11    Int: 13    God:
Gold:   33         SH:  5    Dex: 14    Spells: 6/7 levels left

rFire   . . .        a - +1 falchion
rCold   . . .        (no shield)
rNeg    . . .        c - +0 robe
rPois   .            (no helmet)
rElec   .            (no cloak)
rCorr   .            (no gloves)
SInv    .            (no boots)
Will    .....        d - amulet of reflection
Stlth   ++           (no ring)
HPRegen 0.24/turn    (no ring)
MPRegen 0.10/turn

%: reflection
@: no status effects
A: fangs 1, strong nose, distributed training
a: no special abilities


You were on level 2 of the Dungeon.
You visited 1 branch of the dungeon, and saw 2 of its levels.

You collected 33 gold pieces.

Inventory:

Hand Weapons
 a - a +1 falchion (weapon)
Armour
 c - a +0 robe (worn)
Jewellery
 d - an amulet of reflection (around neck)
 j - a ring of protection from fire
 k - a ring of see invisible
Scrolls
 e - a scroll of acquirement {unknown}
 h - 2 scrolls of teleportation {unknown}
 l - a scroll of identify {unknown}
Potions
 b - a potion of lignification
 f - a potion of attraction {unknown}
 g - 3 potions of curing {unknown}
 i - a potion of brilliance {unknown}


   Skills:
 + Level 2.5 Fighting
 + Level 0.6 Short Blades
 + Level 4.5 Long Blades
 + Level 0.6 Axes
 + Level 0.6 Maces & Flails
 + Level 0.6 Polearms
 + Level 0.6 Staves
 + Level 0.6 Ranged Weapons
 + Level 0.6 Throwing
 + Level 2.5 Armour
 + Level 0.6 Dodging
 + Level 2.3 Stealth
 + Level 0.6 Shields
 + Level 0.6 Unarmed Combat
 + Level 2.8 Spellcasting
 + Level 0.4 Conjurations
 + Level 0.4 Hexes
 + Level 0.4 Summonings
 + Level 0.4 Necromancy
 + Level 0.4 Translocations
 + Level 0.4 Transmutations
 + Level 0.4 Fire Magic
 + Level 0.4 Ice Magic
 + Level 5.4 Air Magic
 + Level 0.4 Earth Magic
 + Level 0.4 Poison Magic
 + Level 0.8 Invocations
 + Level 2.5 Evocations
 + Level 0.5 Shapeshifting


You had 6 spell levels left.
You knew the following spells:

 Your Spells              Type           Power      Damage    Failure   Level
a - Shock                 Conj/Air       36%        1d5       7%          1

Your spell library contained the following spells:

 Spells                   Type           Power      Damage    Failure   Level
 Poisonous Vapours        Pois/Air       18%        N/A       11%         2
 Cigotuvi's Dreadful Rot  Necr/Pois/Air  14%        N/A       16%         2
 Necrotise                Necr           12%        1d4       19%         1
 Vampiric Draining        Necr           3%         2d6       50%         3
 Agony                    Necr           3%         N/A       99%         5


Dungeon Overview and Level Annotations

Branches:
Dungeon (2/15)

Altars:

Annotations:
D:2 Robin


Innate Abilities, Weirdness & Mutations

You have very sharp teeth.
Your uncanny sense of smell can sniff out nearby items.
Your experience applies equally to all skills.


Message History

You are out of magic!
You hit the goblin.
You kill the goblin!
You have reached level 3!
Your experience leads to an increase in your attributes!
Increase (S)trength, (I)ntelligence, or (D)exterity?
You feel agile. x2
You slash the goblin!
You kill the goblin!
Robin throws the goblin at you!
Robin says, "Feeling lonely?"
Robin barely misses you.
Things that are here:
a +0 club; a +0 club; a goblin corpse You hit Robin.
You bite Robin, but do no damage.
Robin is lightly wounded.
The goblin barely misses you.
You hit Robin but do no damage.
Robin is lightly wounded.
Robin hits you with a +0 whip. The goblin hits you with a +0 club.
You hit Robin.
Robin is lightly wounded.
Robin says, "My goblins will feast on your bones."
Robin hits you with a +0 whip. The goblin hits you with a +0 club.
You hit Robin.
Robin is moderately wounded.
The goblin closely misses you.
You hit Robin.
Robin is heavily wounded.
Robin hits you with a +0 whip. The goblin hits you with a +0 club.
* * * LOW HITPOINT WARNING * * *
You completely miss Robin.
Robin is heavily wounded.
The hobgoblin no longer looks unusually strong.
Robin barely misses you. The goblin barely misses you.
You hit Robin.
Robin is severely wounded.
Robin hits you with a +0 whip.
You die...
Robin lets out a smug laugh.

.........#.# #.....#
.........#.###.##..###
......................
...#....##.###.#..#####
...........# #.#.....
........######.#..##.#
.............#.# .# #
...#########g#.# # ..
#@#.#∆ . #g#..
#...gg..g.b.
#..#.######. #..... #.
#.# .. ... #. #.# #.
..#


You could see Robin, a hobgoblin and 2 goblins.

Vanquished Creatures
  A ball python (D:1)
  3 bats (D:1)
  A giant cockroach (D:2)
  7 goblins
  4 hobgoblins (D:1)
  A frilled lizard (D:1)
  5 rats (D:1)
22 creatures vanquished.

Notes
Turn   | Place    | Note
-------+----------+-------------------------------------------
     0 | D:1      | randomguy2701 the Gnoll Wanderer began the quest for the
                  | Orb.
     0 | D:1      | randomguy2701 set off with the following items: a +1
                  | falchion, a potion of lignification, a +0 robe; and the
                  | following spell memorised: Shock; and the following spells
                  | available to memorise: Poisonous Vapours, Cigotuvi's
                  | Dreadful Rot.
     0 | D:1      | Reached XP level 1. HP: 17/17 MP: 4/4
   176 | D:1      | Reached XP level 2. HP: 23/23 MP: 5/5
  1106 | D:2      | Noticed Robin
  1116 | D:2      | Reached XP level 3. HP: 24/28 MP: 0/7
  1124 | D:2      | Slain by Robin

Illustrated notes

Levels and vault maps discovered:
D:1:      minmay_arrival_shattered_statue, layout_basic,
          chequers_serial_rivers_small_a
D:2:      layout_basic, uniq_robin

Action                     || total
---------------------------++-------
  Melee: Falchion          ||    30
         Bite              ||     2
   Cast: Shock             ||    27
   Stab: Sleeping          ||     3
 Armour: Robe              ||    19
  Dodge: Dodged            ||    25

Table legend: (Time is in decaauts)
 A = Elapsed time spent in this place.
 B = Non-inter-level travel time spent in this place.
 C = Inter-level travel time spent in this place.
 D = Time resting spent in this place.
 E = Time spent auto-exploring this place.
 F = Levels seen in this place.
 G = Mean time per level.
                   A        B        C        D        E       F      G
               +--------+--------+--------+--------+--------+-----+--------+
         Total |   1129 |   1110 |     19 |      0 |    975 |   2 |  564.5 |
       Dungeon |   1129 |   1110 |     19 |      0 |    975 |   2 |  564.5 |
               +--------+--------+--------+--------+--------+-----+--------+

Top non-repeatable levels by time:
     D:1: 1011 daAuts
     D:2: 117 daAuts
